[Event "Early-Titled-Tuesday-Blitz-November-28-2023"]
[Site "Chess.com"]
[Date "2023.11.28"]
[Round "4"]
[White "djokovic74"]
[Black "FunnyDuck66"]
[Result "0-1"]
[WhiteElo "2687"]
[BlackElo "2534"]
[TimeControl "180+1"]
[EndTime "8:38:43 PST"]
[Termination "FunnyDuck66 won by resignation"]

1. e4 c6 2. Nf3 d5 3. Nc3 dxe4 4. Nxe4 Nf6 5. Qe2 Nxe4 6. Qxe4 Be6 7. b3 Nd7 8. Bb2 Nf6 9. Qh4 Bf5 10. O-O-O e6 11.
Qd4 Qc7 12. h3 Rd8 13. Qe5 Bd6 14. Qe1 Qa5 15. Kb1 O-O 16. g4 Bg6 17. Bg2 Nd5 18. a4 Nf4 19. Rg1 b5 20. d3 Qxe1 21. Rdxe1 bxa4 22. bxa4 Rb8 23. Ka2 Rb4 24. Nd4 Rxa4+ 25. Kb1 Rb8 26.
Nb3 Nxd3 27. Rd1 Nxb2 28. Kxb2 Be5+ 29. c3 Rc4 30. Rc1 Rcb4 31. f4 Rxb3+ 32. Ka2 Bxc3 33. Bxc6 Rb2+ 34. Ka3 Bd4 35. Ba4 Bxg1 0-1

[Event "Early-Titled-Tuesday-Blitz-November-28-2023"]
[Site "Chess.com"]
[Date "2023.11.28"]
[Round "4"]
[White "Arimin1329"]
[Black "Mystery2007"]
[Result "1-0"]
[WhiteElo "2385"]
[BlackElo "2553"]
[TimeControl "180+1"]
[EndTime "8:38:43 PST"]
[Termination "Arimin1329 won by checkmate"]

1. Nf3 b6 2. b4 Bb7 3. Bb2 Nf6 4. g3 d6 5. Bg2 e5 6. O-O Nbd7 7. c4 a5 8. a3 g6 9. Nc3 Bg7 10. e3 O-O 11. d4 e4 12. Nd2 Re8 13. d5 Qe7 14. Qc2 h5 15. Ncxe4 Nxe4 16. Nxe4 Bxb2 17. Qxb2 Ne5 18. f4 Ng4 19. h3 Nxe3 20. Nf6+ Kf8 21. Nxe8 Kxe8 22. Rfe1 axb4 23. Qf2 Rxa3 24. Rxa3 bxa3 25.
Qxe3 Qxe3+ 26. Rxe3+ Kd7 27. Rxa3 f6 28. Be4 f5 29. Bc2 Kd8 30. Ba4 Kc8 31. Bb5 Kb8 32.
Re3 Ka7 33. Re7 Kb8 34. Rg7 h4 35. Rxg6 Bc8 36. Rg8 Kb7 37. Ba6+ Kxa6 38. Rxc8 Kb7 39. Rf8 hxg3 40. Rxf5 g2 41. h4 b5 42. cxb5 Kb6 43.
h5 Kxb5 44. h6 c5 45. h7 c4 46. h8=Q Kb4 47. Qb2+ Kc5 48. Rf8 Kxd5 49. Rc8 c3 50. Qxc3 Ke4 51. Re8+ Kxf4 52. Qe3+ Kf5 53. Qf3+ Kg6 54.
Rg8+ Kh7 55. Rxg2 d5 56. Qh3# 1-0

[Event "Early-Titled-Tuesday-Blitz-November-28-2023"]
[Site "Chess.com"]
[Date "2023.11.28"]
[Round "4"]
[White "Nancy11111"]
[Black "marvinguevara"]
[Result "0-1"]
[WhiteElo "2329"]
[BlackElo "2149"]
[TimeControl "180+1"]
[EndTime "8:38:43 PST"]
[Termination "marvinguevara won by resignation"]

1. e4 c5 2. Nf3 d6 3. d4 cxd4 4. Nxd4 Nf6 5. Nc3 a6 6. Be3 e5 7.
Nb3 Be6 8. f3 h5 9. Be2 Be7 10.
Qd2 Nbd7 11. O-O-O O-O 12. Nd5 Nxd5 13. exd5 Bf5 14.
g4 hxg4 15. fxg4 Bh7 16. h4 Rc8 17. Bd3 e4 18. Be2 Ne5 19. Nd4 Nf3 20. Bxf3 exf3 21. c3 Bf6 22. Nxf3 Qa5 23. Rdf1 Qxa2 24. Kd1 Rfe8 25.
g5 Qb3+ 26. Ke2 Bxc3 27. bxc3 Rxc3 28. Kf2 Rc2 29. h5 Qxe3+ 30. Kg3 Rxd2 31. g6 fxg6 32. hxg6 Bxg6 33. Kg4 Rg2+ 34. Kh3 Rf2 35. Rxf2 Qxf2 36. Kg4 Re4+ 37. Kg5 Qxf3 38. Rh8+ Kxh8 0-1

[Event "Early-Titled-Tuesday-Blitz-November-28-2023"]
[Site "Chess.com"]
[Date "2023.11.28"]
[Round "4"]
[White "Alexsur1981"]
[Black "Schattman"]
[Result "1-0"]
[WhiteElo "2880"]
[BlackElo "2418"]
[TimeControl "180+1"]
[EndTime "8:38:44 PST"]
[Termination "Alexsur1981 won on time"]

1. e4 c5 2. Nc3 e6 3. Nf3 Nc6 4.
Bb5 Nd4 5. Nxd4 cxd4 6. Ne2 Nf6 7.
Bd3 d5 8. exd5 Qxd5 9. O-O Be7 10. c4 Qd8 11. Ng3 O-O 12. Re1 b6 13. Qf3 Rb8 14. Ne4 Bb7 15. Nxf6+ Bxf6 16. Be4 Bxe4 17. Qxe4 d3 18. Re3 Qc7 19. Rb1 Rfd8 20. Rxd3 Rxd3 21.
Qxd3 Rd8 22. Qe2 Be5 23. g3 Bd4 24. d3 Qd6 25. b4 g6 26. Bg5 f6 27. Bf4 e5 28.
Bd2 h5 29. Rb3 Kf7 30. Qf3 Rd7 31. a4 a6 32. Kg2 f5 33. Bg5 Kg7 34. a5 b5 35. cxb5 axb5 36. Be3 Rc7 37. Bxd4 Qxd4 38. Rb1 h4 39. Re1 h3+ 40. Kxh3 Rc2 41. Kg2 Qxb4 42. Rxe5 Qd6 43. Rxb5 Rc7 44. Rb7 1-0

[Event "Early-Titled-Tuesday-Blitz-November-28-2023"]
[Site "Chess.com"]
[Date "2023.11.28"]
[Round "4"]
[White "Kombinator01"]
[Black "Bodhanas"]
[Result "1/2-1/2"]
[WhiteElo "2388"]
[BlackElo "2215"]
[TimeControl "180+1"]
[EndTime "8:38:45 PST"]
[Termination "Game drawn by repetition"]

1. e4 c6 2. d4 d6 3. Nc3 Nd7 4. Nf3 Qc7 5. a4 e5 6. Bc4 Be7 7. O-O Ngf6 8. Qe2 O-O 9. Ng5 h6 10. Nxf7 Rxf7 11. Bxf7+ Kxf7 12. dxe5 dxe5 13. f4 Kg8 14. f5 b6 15. g4 Bb7 16. h4 Nh7 17. Qh2 a6 18. Qg3 c5 19. g5 Kh8 20. f6 Nhxf6 21.
gxf6 Nxf6 22. Bd2 Rd8 23. Qg2 Rd4 24. Rae1 Qd7 25. Be3 Rd6 26. Rd1 Ng4 27. Rxd6 Bxd6 28. Qf3 Be7 29. Nd5 Bxd5 30. exd5 Nxe3 31. Qxe3 Qxd5 32.
Re1 Bf6 33. h5 b5 34. Qd3 Qf7 35. Qg6 Qd7 36. axb5 axb5 37. Ra1 Qd4+ 38. Kh1 Qh4+ 39. Kg1 Qd4+ 40. Kf1 Qf4+ 41. Kg1 Qd4+ 1/2-1/2

[Event "Early-Titled-Tuesday-Blitz-November-28-2023"]
[Site "Chess.com"]
[Date "2023.11.28"]
[Round "4"]
[White "Andrii_Prydun"]
[Black "jk13"]
[Result "0-1"]
[WhiteElo "2387"]
[BlackElo "2621"]
[TimeControl "180+1"]
[EndTime "8:38:46 PST"]
[Termination "jk13 won on time"]

1. e4 c5 2. d4 cxd4 3. c3 Nf6 4. e5 Nd5 5. Nf3 e6 6. cxd4 d6 7.
a3 Bd7 8. Bd3 Bc6 9. O-O Nd7 10.
Re1 dxe5 11. dxe5 g6 12. Nbd2 Bg7 13. Nc4 O-O 14. Bg5 Qb8 15. Qe2 a5 16. h4 b5 17.
Ncd2 h6 18. h5 hxg5 19. hxg6 Nf4 20. Qe3 Nxd3 21. Nxg5 N3xe5 22. Qh3 Nf6 23. Re4 Nxg6 24. Rc1 Rc8 25. Rxe6 Bd7 26. Rce1 Ra6 27. Re8+ Rxe8 0-1

[Event "Early-Titled-Tuesday-Blitz-November-28-2023"]
[Site "Chess.com"]
[Date "2023.11.28"]
[Round "4"]
[White "viktorgen2021"]
[Black "Pasmendjambvirgulptipon98"]
[Result "1-0"]
[WhiteElo "2473"]
[BlackElo "2192"]
[TimeControl "180+1"]
[EndTime "8:38:47 PST"]
[Termination "viktorgen2021 won on time"]

1. Nf3 Nf6 2. c4 e6 3. g3 d5 4. Bg2 dxc4 5. O-O a6 6. a4 Nbd7 7. Na3 Be7 8. Nxc4 Rb8 9. a5 O-O 10. d3 b5 11. axb6 cxb6 12. Nfe5 b5 13. Nc6 Qc7 14. Bf4 e5 15. Nxe7+ Kh8 16. Nxe5 Nxe5 17. Nc6 Nfd7 18. d4 g5 19. Bxe5+ Nxe5 20. Nxb8 Nc4 21.
Nxa6 Qd6 22. Nc5 Nxb2 23. Qd2 Nc4 24. Qxg5 Qxd4 25. Rfd1 Qb2 26. Bf3 f6 27. Qh6 Rg8 28. Ra7 Bf5 29. Rd8 Qb1+ 30. Kg2 1-0

[Event "Early-Titled-Tuesday-Blitz-November-28-2023"]
[Site "Chess.com"]
[Date "2023.11.28"]
[Round "4"]
[White "ArtemDyachuk"]
[Black "KorolDimitriy75"]
[Result "1-0"]
[WhiteElo "2526"]
[BlackElo "2337"]
[TimeControl "180+1"]
[EndTime "8:38:48 PST"]
[Termination "ArtemDyachuk won on time"]

1. e4 c5 2. Nf3 d6 3. d4 cxd4 4. Nxd4 Nf6 5. Nc3 g6 6. Be3 Bg7 7. f3 O-O 8. Bc4 Nc6 9. Nb3 Ne5 10. Be2 Be6 11. Nd4 Bc4 12. O-O Rc8 13. Nb3 Bxe2 14. Qxe2 Nc4 15. Bc1 a6 16. a4 b5 17. axb5 axb5 18. Kh1 b4 19. Na4 Nd7 20. Rd1 Qc7 21. Nd2 Nxd2 22. Rxd2 Ne5 23. Qd1 Nc4 24. Rd3 Ne5 25.
Rd2 Nc4 26. Re2 Qc6 27. Ra2 Ra8 28. b3 Nb6 29. Nxb6 Rxa2 30. Nd5 Qb7 31. h4 Ra1 32. Qd2 Bb2 33. Re1 Rxc1 34. Rxc1 Bxc1 35. Qxc1 e6 36. Nf6+ Kg7 37. Ng4 Rc8 38. Qh6+ Kg8 39. Nf6+ 1-0

[Event "Early-Titled-Tuesday-Blitz-November-28-2023"]
[Site "Chess.com"]
[Date "2023.11.28"]
[Round "4"]
[White "FMStan15"]
[Black "crazy_m_attack"]
[Result "0-1"]
[WhiteElo "2057"]
[BlackElo "2451"]
[TimeControl "180+1"]
[EndTime "8:38:48 PST"]
[Termination "crazy_m_attack won on time"]

1. e4 e5 2. Nf3 Nc6 3. Bb5 a6 4.
Bxc6 dxc6 5. O-O Qf6 6. d3 Ne7 7. Be3 Bg4 8. Nbd2 Ng6 9. Re1 h6 10. h3 Be6 11. d4 Bd6 12. dxe5 Nxe5 13. Nxe5 Bxe5 14. c3 O-O-O 15. Qc2 Qg6 16. Kh1 Bd6 17. Nf3 Bd5 18. Bd4 Rhe8 19. Nd2 Bf4 20. f3 Be6 21. Rad1 Qh5 22. Nf1 g6 23. Be3 Bd6 24. f4 g5 0-1

[Event "Early-Titled-Tuesday-Blitz-November-28-2023"]
[Site "Chess.com"]
[Date "2023.11.28"]
[Round "4"]
[White "belisarius64"]
[Black "MatthewG-p4p"]
[Result "0-1"]
[WhiteElo "2711"]
[BlackElo "2944"]
[TimeControl "180+1"]
[EndTime "8:38:49 PST"]
[Termination "MatthewG-p4p won by resignation"]

1. e4 e6 2. d4 d5 3. Nd2 a6 4.
Ngf3 Nf6 5. Bd3 c5 6. exd5 exd5 7. O-O Be7 8. dxc5 Bxc5 9. Re1+ Be7 10. c3 O-O 11. h3 Nc6 12. Nb3 Re8 13. Bf4 h6 14. Qc2 Qb6 15. Nbd4 Bd7 16. Nxc6 bxc6 17. Ne5 Be6 18. Re2 Bd6 19. Rae1 Qc7 20. Bg3 c5 21. Bh4 Nh5 22. Ng6 fxg6 23. Rxe6 Rxe6 24. Rxe6 g5 25. Qe2 Nf4 26. Re8+ Bf8 27. Bh7+ Kh8 28. Qe1 Rxe8 29.
Qxe8 Kxh7 30. Bg3 Bd6 31. h4 gxh4 32. Bxh4 Ng6 33. Bd8 Qc8 0-1

[Event "Early-Titled-Tuesday-Blitz-November-28-2023"]
[Site "Chess.com"]
[Date "2023.11.28"]
[Round "4"]
[White "Anton_Demchenko"]
[Black "Casper"]
[Result "1-0"]
[WhiteElo "2953"]
[BlackElo "2419"]
[TimeControl "180+1"]
[EndTime "8:38:49 PST"]
[Termination "Anton_Demchenko won on time"]

1. e4 c5 2. a4 h5 3. Nf3 d6 4.
d4 cxd4 5. Nxd4 Nc6 6. Nc3 Nf6 7. Bc4 e6 8. O-O h4 9. h3 Be7 10. Be3 a6 11. Qe2 Bd7 12. Rad1 Rc8 13. Ba2 Qa5 14.
Rfe1 g5 15. f3 Rg8 16. Qf2 Qb4 17. Bb3 Na5 18. Na2 Qc5 19. Nxe6 Qe5 20. Nd4 g4 21. hxg4 Nxb3 22. cxb3 h3 23. Nf5 hxg2 24. Bd4 Qf4 25. e5 Rh8 26. Qxg2 Nxg4 27. exd6 1-0

[Event "Early-Titled-Tuesday-Blitz-November-28-2023"]
[Site "Chess.com"]
[Date "2023.11.28"]
[Round "4"]
[White "GoValya"]
[Black "colegiodemadrid"]
[Result "1/2-1/2"]
[WhiteElo "2226"]
[BlackElo "2482"]
[TimeControl "180+1"]
[EndTime "8:38:49 PST"]
[Termination "Game drawn by repetition"]

1. Nf3 d5 2. d4 e6 3. g3 c6 4. Bg2 f5 5. O-O Nf6 6. c4 Bd6 7. b3 Qe7 8. a4 O-O 9. Ba3 Bxa3 10.
Nxa3 Bd7 11. Nc2 Be8 12. Ne5 Nbd7 13. f4 Nxe5 14. dxe5 Ne4 15. Kh1 Bh5 16. Bf3 Qf7 17. cxd5 cxd5 18. Nd4 Rfc8 19. Rc1 Qg6 20. Nxe6 Qxe6 21.
Bxh5 Qh6 22. Qxd5+ Kh8 23. Rxc8+ Rxc8 24. Qf7 g6 25. Qd7 Rf8 26. e6 Qxh5 27. e7 Nxg3+ 28. Kg2 Qxe2+ 29. Kxg3 Qg4+ 30. Kf2 Qxf4+ 31. Kg2 Qe4+ 32.
Kg1 Rg8 33. Rf2 f4 34. Qd6 Qe1+ 35. Kg2 Qe4+ 36. Kg1 Qe1+ 37. Kg2 Qe4+ 38. Rf3 Qe2+ 39. Rf2 Qe4+ 1/2-1/2

[Event "Early-Titled-Tuesday-Blitz-November-28-2023"]
[Site "Chess.com"]
[Date "2023.11.28"]
[Round "4"]
[White "Hikaru"]
[Black "Volodar_Murzin"]
[Result "1-0"]
[WhiteElo "3225"]
[BlackElo "2897"]
[TimeControl "180+1"]
[EndTime "8:38:50 PST"]
[Termination "Hikaru won by resignation"]

1. g3 c5 2. c4 Nc6 3. Bg2 Nf6 4.
e3 g6 5. Nc3 Bg7 6. d4 cxd4 7.
exd4 O-O 8. Nge2 e5 9. dxe5 Nxe5 10. b3 d5 11. cxd5 Bg4 12. h3 Bf3 13. O-O Re8 14.
Be3 Rc8 15. Rc1 Qd7 16. Bxf3 Nxf3+ 17. Kg2 Qf5 18. Nf4 Ng5 19. Qd3 Qxd3 20. Nxd3 Nge4 21. Nxe4 Nxe4 22. Bxa7 Ra8 23. Bb6 Rxa2 24. Rfe1 Bf8 25.
Ra1 Rd2 26. Nf4 f5 27. Be3 Rb2 28. Rab1 Rxb1 29. Rxb1 Bd6 30. Rc1 Nf6 31. Rd1 Kf7 32.
Ne6 Rc8 33. Ng5+ Ke7 34. Bd4 Nxd5 35. Nxh7 Rc2 36. Ng5 Be5 37. Re1 Kd6 38. Nf7+ 1-0

[Event "Early-Titled-Tuesday-Blitz-November-28-2023"]
[Site "Chess.com"]
[Date "2023.11.28"]
[Round "4"]
[White "seopie"]
[Black "GHANDEEVAM2003"]
[Result "0-1"]
[WhiteElo "2870"]
[BlackElo "3144"]
[TimeControl "180+1"]
[EndTime "8:38:51 PST"]
[Termination "GHANDEEVAM2003 won by resignation"]

1. Nf3 d6 2. d4 g6 3. e4 Bg7 4.
Bd3 Nc6 5. c3 e5 6. dxe5 dxe5 7.
O-O Nf6 8. Qe2 O-O 9. Rd1 Nh5 10. Bb5 Qe7 11. Bg5 f6 12. Be3 Nd8 13. Nbd2 Ne6 14. Bc4 Kh8 15. Nb3 Nef4 16. Qf1 b6 17. Ne1 Bb7 18.
Nd2 f5 19. exf5 Rxf5 20. g3 Raf8 21. f3 Qg5 22. g4 Nh3+ 23. Qxh3 Qxe3+ 24. Kh1 Nf4 25. Qf1 Rg5 26. Ng2 Nxg2 27. Qxg2 h5 28. Re1 Qf4 29.
h3 hxg4 30. hxg4 Rxg4 0-1

[Event "Early-Titled-Tuesday-Blitz-November-28-2023"]
[Site "Chess.com"]
[Date "2023.11.28"]
[Round "4"]
[White "AljoschaFeuerstack"]
[Black "MIss_MIaMI"]
[Result "1-0"]
[WhiteElo "2652"]
[BlackElo "2398"]
[TimeControl "180+1"]
[EndTime "8:38:53 PST"]
[Termination "AljoschaFeuerstack won on time"]

1. e4 c5 2. Nf3 e6 3. d3 g6 4. g3 Bg7 5. Bg2 Ne7 6. O-O O-O 7. Re1 d6 8. c3 Nbc6 9. d4 e5 10. d5 Nb8 11. a4 b6 12. Na3 f5 13. Ng5 f4 14. Ne6 Bxe6 15. dxe6 fxg3 16. hxg3 Nbc6 17.
Nc4 Nc8 18. Qd5 Qe8 19. Bh3 Kh8 20. Bg5 Rb8 21. Nxd6 Nxd6 22. Qxd6 h6 23. e7 Rf3 24.
Bd7 hxg5 25. Bxe8 Rxe8 26. Qxc6 Rxe7 27. Qxg6 Kg8 28. Rad1 Rf8 29. Qxg5 Ref7 30. Re2 Rf3 31. Rd7 R3f7 32. Rxf7 Rxf7 33. Rd2 a6 34. Rd8+ Kh7 35. Qh5+ 1-0

[Event "Early-Titled-Tuesday-Blitz-November-28-2023"]
[Site "Chess.com"]
[Date "2023.11.28"]
[Round "4"]
[White "atalz0"]
[Black "Nechitaylo_Nikita"]
[Result "1-0"]
[WhiteElo "2480"]
[BlackElo "2193"]
[TimeControl "180+1"]
[EndTime "8:38:53 PST"]
[Termination "atalz0 won by checkmate"]

1. d4 Nf6 2. c4 e6 3. Nc3 Bb4 4. Qc2 O-O 5. e4 d5 6. e5 Ne4 7.
Bd3 c5 8. Nf3 Nc6 9. O-O Nxd4 10.
Nxd4 cxd4 11. Nxe4 dxe4 12. Bxe4 h6 13. a3 Ba5 14.
Rd1 Bc7 15. f4 Qe7 16. c5 f6 17. Rxd4 fxe5 18. fxe5 Bxe5 19. Bh7+ Kh8 20. Re4 Qc7 21. Rh4 b6 22. Be3 bxc5 23. Bxc5 Rd8 24. Bg6 Bb7 25. Rf1 Rac8 26. b4 Bd6 27. Rf7 Bxc5+ 28. bxc5 Qc6 29. Rxh6+ gxh6 30. Qc3+ e5 31. Qxe5+ Kg8 32. Qg7# 1-0

[Event "Early-Titled-Tuesday-Blitz-November-28-2023"]
[Site "Chess.com"]
[Date "2023.11.28"]
[Round "4"]
[White "angryspacevoid"]
[Black "lrestevez"]
[Result "1-0"]
[WhiteElo "2466"]
[BlackElo "2171"]
[TimeControl "180+1"]
[EndTime "8:38:53 PST"]
[Termination "angryspacevoid won by resignation"]

1. e4 e5 2. f4 Nc6 3. Nf3 d6 4.
Bb5 exf4 5. d4 Bd7 6. Bxf4 a6 7. Bc4 Be7 8. O-O Nf6 9. e5 Ne4 10. Re1 Bf5 11. Bd5 dxe5 12. dxe5 Nc5 13. Nc3 O-O 14.
Bxc6 bxc6 15. Nd4 Bd7 16. Qf3 Ne6 17. Be3 c5 18. Nf5 Ng5 19. Nxe7+ Qxe7 20. Qg3 Ne6 21. Nd5 Qd8 22. Rad1 Kh8 23. h4 Qc8 24. h5 h6 25.
Bxh6 gxh6 26. Qe3 Ng5 27. Qf4 Bf5 28. Ne7 Qe6 29. Nxf5 Rad8 30. Ne3 Kg8 31. Ng4 Kg7 32. Nf6 Rxd1 33. Rxd1 c4 34. Qe3 Qb6 35. Qxb6 cxb6 36. Rd6 Rb8 37. Nd7 Rb7 38. Nxb6 Ne4 39. Rc6 Ng3 40.
Nxc4 Nxh5 41. Rxa6 Rd7 42. Nd6 Re7 43. Nf5+ Kf8 1-0

[Event "Early-Titled-Tuesday-Blitz-November-28-2023"]
[Site "Chess.com"]
[Date "2023.11.28"]
[Round "4"]
[White "pinguino120"]
[Black "masterofpuppets2"]
[Result "1/2-1/2"]
[WhiteElo "2288"]
[BlackElo "2498"]
[TimeControl "180+1"]
[EndTime "8:38:54 PST"]
[Termination "Game drawn by repetition"]

1. e4 c6 2. d4 d5 3. exd5 cxd5 4.
Bd3 Nc6 5. c3 Qc7 6. h3 e6 7. Nf3 Bd6 8. O-O Nge7 9. a4 Bd7 10.
Na3 a6 11. Re1 f6 12. b4 e5 13. b5 Na5 14. dxe5 fxe5 15. Nxe5 O-O 16. b6 Qc8 17.
Qh5 Bf5 18. Bg5 Ng6 19. Nxg6 hxg6 20. Qe2 Qxc3 21. Bxf5 Rxf5 22. Qe6+ Kh7 23. Qxd6 Rxg5 24. Rac1 Qxh3 25. Qh2 Qxh2+ 26. Kxh2 Rf8 27. f3 Rf4 28. Re7 Rxa4 29. Rcc7 Rh5+ 30. Kg3 Rxa3 31. Rxg7+ Kh6 32. Kg4 Rg5+ 33. Kh4 Rh5+ 34. Kg4 Rg5+ 35. Kh4 Rh5+ 36. Kg4 1/2-1/2

[Event "Early-Titled-Tuesday-Blitz-November-28-2023"]
[Site "Chess.com"]
[Date "2023.11.28"]
[Round "4"]
[White "OneTrickPony_82"]
[Black "GothamChess"]
[Result "0-1"]
[WhiteElo "2393"]
[BlackElo "2675"]
[TimeControl "180+1"]
[EndTime "8:38:55 PST"]
[Termination "GothamChess won by resignation"]

1. d4 d5 2. c4 dxc4 3. e3 e5 4. Bxc4 Nc6 5. d5 Nce7 6. Nc3 Ng6 7. Nf3 Nf6 8. e4 Bd6 9. Bb5+ Bd7 10. Bxd7+ Qxd7 11.
h3 O-O 12. O-O h6 13. Qb3 b6 14. Be3 Nh5 15. Qb5 Qe7 16. Rfe1 f5 17. exf5 Rxf5 18. Qc4 Raf8 19. Qg4 Kh7 20. Nd2 Nhf4 21. Nde4 Nh4 22. Ng3 R5f7 23. Bxf4 Rxf4 24. Qe2 Rxf2 25. Qe4+ Kh8 26.
Rf1 Bc5 27. Kh1 Nxg2 28. d6 cxd6 29. Nd5 Qe6 30. Qxg2 Rxg2 31. Rxf8+ Kh7 32. Kxg2 Qxd5+ 33. Kh2 Qd2+ 34. Kh1 d5 35. Raf1 Bxf8 0-1

[Event "Early-Titled-Tuesday-Blitz-November-28-2023"]
[Site "Chess.com"]
[Date "2023.11.28"]
[Round "4"]
[White "Rud_Makarian"]
[Black "Amirreza_p"]
[Result "1-0"]
[WhiteElo "2985"]
[BlackElo "2749"]
[TimeControl "180+1"]
[EndTime "8:38:56 PST"]
[Termination "Rud_Makarian won by resignation"]

1. d4 d5 2. c4 e6 3. Nf3 Nf6 4. Nc3 c6 5. Bg5 Be7 6. e3 h6 7. Bh4 Nbd7 8. Bd3 O-O 9. O-O dxc4 10. Bxc4 b5 11. Bd3 Bb7 12. Rc1 Rc8 13. Ne5 Nxe5 14.
dxe5 Nd7 15. Bxe7 Qxe7 16. f4 Nc5 17. Bb1 b4 18. Ne2 Ba6 19. Rf2 Rfd8 20. Nd4 g6 21. Rd2 Rd5 22. e4 Rd7 23. Nxc6 Qe8 24. Rxd7 Nxd7 25.
Nxb4 Bb7 26. a3 Nc5 27. Qe2 a5 28. Na2 Nb3 29. Rxc8 Qxc8 30. Nc3 g5 31. fxg5 hxg5 32. Qe3 Qd8 33. h3 Nd2 34. Bd3 Nb3 35. Kh2 Nc5 36.
Be2 Nd7 37. Qd4 Qc7 38. Qd6 Qxd6 39. exd6 Kg7 40. Bb5 Bc8 41. Bxd7 Bxd7 42. e5 f6 43. Ne4 fxe5 44. Nc5 e4 45. Nxd7 1-0

[Event "Early-Titled-Tuesday-Blitz-November-28-2023"]
[Site "Chess.com"]
[Date "2023.11.28"]
[Round "4"]
[White "salomez"]
[Black "RobertJFischer71"]
[Result "0-1"]
[WhiteElo "2401"]
[BlackElo "2615"]
[TimeControl "180+1"]
[EndTime "8:38:58 PST"]
[Termination "RobertJFischer71 won on time"]

1. e4 e5 2. Nf3 Nc6 3. d4 exd4 4. Nxd4 Nf6 5. Nxc6 bxc6 6. Bd3 d5 7. exd5 cxd5 8. O-O Bd6 9. Re1+ Be6 10. c4 O-O 11. cxd5 Nxd5 12. Nd2 Nf4 13. Be4 Rb8 14. Qc2 h6 15. Nc4 Bxc4 16. Qxc4 Qf6 17. Bxf4 Qxf4 18. g3 Qf6 19. b3 Rfe8 20. Qc6 Re5 21. Bg2 Rc5 22.
Re8+ Rxe8 23. Qxe8+ Kh7 24. Re1 g6 25. Qe2 Kg7 26.
h4 h5 27. Qf3 Rf5 28. Qe2 Bc5 29. Rf1 Bb6 30. Be4 Re5 31. Kg2 Qe7 32. Re1 f5 0-1

[Event "Early-Titled-Tuesday-Blitz-November-28-2023"]
[Site "Chess.com"]
[Date "2023.11.28"]
[Round "4"]
[White "Jojo_898"]
[Black "Statham_l3"]
[Result "1-0"]
[WhiteElo "2391"]
[BlackElo "2580"]
[TimeControl "180+1"]
[EndTime "8:38:58 PST"]
[Termination "Jojo_898 won on time"]

1. e4 e6 2. d4 d5 3. Nd2 c5 4. Ngf3 Nc6 5. Bb5 cxd4 6. Nxd4 Bd7 7. N4f3 dxe4 8. Nxe4 Qa5+ 9. Nc3 Bb4 10. Bxc6 Bxc6 11.
O-O Rd8 12. Qe2 Ne7 13. Ne4 O-O 14. c3 Qd5 15. Ng3 Bc5 16. Be3 Bxe3 17. Qxe3 Nf5 18. Nxf5 exf5 19. Qxa7 Qe4 20. Qe3 Qg4 21. h3 Qg6 22.
Rad1 Rde8 23. Qd3 Be4 24. Qe3 Bc2 25. Ne5 Qh5 26. Rd2 Ba4 27. Qf4 f6 28. Nf3 Bc6 29.
Nd4 Kh8 30. Qxf5 1-0

[Event "Early-Titled-Tuesday-Blitz-November-28-2023"]
[Site "Chess.com"]
[Date "2023.11.28"]
[Round "4"]
[White "dianamirza"]
[Black "Der_Balak_3Halak"]
[Result "0-1"]
[WhiteElo "1993"]
[BlackElo "2302"]
[TimeControl "180+1"]
[EndTime "8:38:59 PST"]
[Termination "Der_Balak_3Halak won on time"]

1. e4 e5 2. Nf3 Nc6 3. Bb5 Bc5 4.
O-O Nf6 5. d3 d6 6. a3 a5 7. Be3 Bxe3 8. fxe3 Bd7 9. Bc4 h6 10.
Nbd2 Ne7 11. d4 Ng6 12. b4 axb4 13. axb4 Rxa1 14. Qxa1 O-O 15. dxe5 dxe5 16. Nxe5 Nxe5 17. Qxe5 Bc6 18. Rd1 Nxe4 19. Bd3 Qg5 20. Qf4 Nc3 21. Qxg5 hxg5 22. Ra1 Nd5 23. b5 Bd7 24. e4 Nb4 25. Bc4 Nxc2 26. Ra7 Rb8 27. Nf3 Nd4 28. Nxg5 Nxb5 29. Bxf7+ Kf8 30. Be6 Nxa7 31. Bxd7 b5 32. Ne6+ Ke7 33. Nc5 Kd6 34. Bxb5 Rxb5 0-1

[Event "Early-Titled-Tuesday-Blitz-November-28-2023"]
[Site "Chess.com"]
[Date "2023.11.28"]
[Round "4"]
[White "kakarot_001"]
[Black "abc_xyz4744"]
[Result "0-1"]
[WhiteElo "2665"]
[BlackElo "2430"]
[TimeControl "180+1"]
[EndTime "8:39:02 PST"]
[Termination "abc_xyz4744 won by resignation"]

1. e4 c5 2. Nf3 g6 3. c3 Bg7 4. d4 cxd4 5. cxd4 d5 6. e5 a6 7. Nc3 Nc6 8. h3 f6 9. Bf4 Bf5 10. Bd3 Bxd3 11. Qxd3 e6 12. exf6 Nxf6 13. O-O O-O 14.
Rfe1 Qd7 15. Ne5 Nxe5 16. Bxe5 Nh5 17. Bxg7 Kxg7 18. b3 Nf4 19. Qe3 Rac8 20. Na4 Qd6 21. Nc5 Rf7 22. Qg3 Qb6 23. Re3 Rcf8 24. Rae1 Kg8 25.
Rf3 Qb4 26. Rxe6 Nxe6 27. Nxe6 Qe1+ 28. Kh2 Qxe6 29. Re3 Qf6 30. Rf3 Qxd4 31. Rxf7 Rxf7 32. Qb8+ Kg7 33. f3 Qf4+ 34. Kh1 Qxb8 0-1

[Event "Early-Titled-Tuesday-Blitz-November-28-2023"]
[Site "Chess.com"]
[Date "2023.11.28"]
[Round "4"]
[White "kuli4ik"]
[Black "Grischuk"]
[Result "1-0"]
[WhiteElo "2876"]
[BlackElo "3048"]
[TimeControl "180+1"]
[EndTime "8:39:03 PST"]
[Termination "kuli4ik won by resignation"]

1. d4 d5 2. c4 c6 3. Nf3 Nf6 4. e3 Bg4 5. Qb3 Qb6 6. Ne5 Bf5 7. cxd5 Qxb3 8. axb3 Nxd5 9. Bd3 Bxd3 10. Nxd3 e6 11. Bd2 Na6 12. Ke2 Ndb4 13. Bxb4 Nxb4 14. Nc3 Nxd3 15.
Kxd3 a6 16. Rhc1 h5 17. Ne4 h4 18. Kc4 O-O-O 19. b4 Be7 20. g4 hxg3 21. hxg3 Rh2 22.
Rh1 Rdh8 23. Rxh2 Rxh2 24. Rf1 Kc7 25. Nc5 g5 26. Nd3 Bd6 27. e4 Kd7 28. Re1 Kd8 29.
Re3 Rh1 30. Rf3 Ke7 31. e5 Bc7 32. Nc5 b5+ 33. Kb3 Bb6 34. Ne4 g4 35. Rd3 Re1 36.
Nf6 Rc1 37. Rc3 Rd1 38. Rxc6 Bxd4 39. Rc7+ Kf8 40. Rc8+ Kg7 41. Rg8+ Kh6 42. Nxg4+ Kh7 43. Nf6+ Kh6 44. g4 1-0

[Event "Early-Titled-Tuesday-Blitz-November-28-2023"]
[Site "Chess.com"]
[Date "2023.11.28"]
[Round "4"]
[White "GmSergioBarrientos"]
[Black "brunoo2003"]
[Result "1-0"]
[WhiteElo "2679"]
[BlackElo "2463"]
[TimeControl "180+1"]
[EndTime "8:39:03 PST"]
[Termination "GmSergioBarrientos won on time"]

1. d4 Nf6 2. c4 e6 3. Nf3 Bb4+ 4.
Nbd2 O-O 5. a3 Be7 6. e4 d6 7.
Qc2 Nfd7 8. Be2 e5 9. d5 a5 10.
O-O a4 11. Nb1 Nc5 12. Nc3 Nbd7 13. Be3 g6 14. Bh6 Re8 15. Rad1 Bf8 16. Bg5 Be7 17. Be3 Bf6 18. Ne1 Bg5 19. Bxc5 Nxc5 20. Nd3 Nb3 21. Nb5 c6 22. dxc6 bxc6 23. f4 exf4 24. Nc3 Nd4 25.
Qb1 Ne6 26. Bf3 Qb6+ 27. Kh1 Ba6 28. e5 Bxc4 29. exd6 Rad8 30. Ne4 Bd5 31. Nxg5 Nxg5 32. Bxd5 cxd5 33. Nxf4 Rxd6 34. Nxd5 Qc6 35. Nb4 Rxd1 36. Qxd1 Qc5 37. Qxa4 Re2 38. Nd3 Qe3 39. Qc4 h5 40. h3 Ne6 41. Qc8+ Kg7 42. Qc3+ Kg8 43. a4 Rd2 44. Nb4 Qe2 45. Rg1 Rxb2 46. Nd5 Ra2 47. Nf6+ Kf8 48. a5 Qb5 49. Re1 Qxa5 50. Qc8+ Kg7 51.
Rf1 Ra1 52. Qg8+ Kh6 53. Qh7+ Kg5 54. Ne4+ Kh4 55. Qxf7 1-0

[Event "Early-Titled-Tuesday-Blitz-November-28-2023"]
[Site "Chess.com"]
[Date "2023.11.28"]
[Round "4"]
[White "Doomfist26"]
[Black "ElVital"]
[Result "1-0"]
[WhiteElo "2621"]
[BlackElo "2400"]
[TimeControl "180+1"]
[EndTime "8:39:03 PST"]
[Termination "Doomfist26 won on time"]

1. d4 Nf6 2. Nc3 g6 3. Bf4 Bg7 4. e3 O-O 5. h4 h5 6. Nf3 d6 7.
Bd3 Bg4 8. Qe2 Nc6 9. O-O-O Qe8 10. Qd2 e5 11. dxe5 dxe5 12. Bg5 Nh7 13. Be4 f6 14.
Qd5+ Kh8 15. Rd2 Bxf3 16. gxf3 fxg5 17. Nb5 Rd8 18. Qb3 Rxd2 19. Kxd2 Nf6 20. Nxc7 Qd7+ 21.
Nd5 g4 22. Kc1 Nxe4 23. fxe4 Rxf2 24. Rd1 g3 25. Nf4 Qxd1+ 26. Kxd1 exf4 27. Ke1 f3 28. Qe6 Re2+ 29. Kd1 g2 30. Qxg6 g1=Q+ 31. Qxg1 Rg2 32.
Qf1 Ne5 33. Qb5 Kh7 34. Qe8 Ng6 35. Qf7 f2 36. Ke2 Kh6 37. Kf1 Rh2 38. Qf5 Be5 39.
Qf3 Kg7 40. c4 Nxh4 41. Qxh5 Ng6 42. Qg5 Bf6 43. Qg4 Kf7 44. Qd7+ Ne7 45. Qc7 Bh4 46. Qxh2 1-0